 Dungeon Crawl Stone Soup version 0.23-a0-167-gf92cf62f8f (webtiles) character file.

5344 boarsaur the Archer (level 10, 0/86 HPs)
             Began as a Centaur Berserker on Sept 11, 2018.
             Was a High Priest of Trog.
             Slain by an orc warrior
             ... wielding a +0 scimitar
              (8 damage)
             ... on level 9 of the Dungeon.
             The game lasted 00:19:52 (7659 turns).

boarsaur the Archer (Centaur Berserker)             Turns: 7659, Time: 00:19:52

Health: 0/86       AC:  7    Str: 20    XL:     10   Next: 38%
Magic:  10/10      EV:  9    Int:  6    God:    Trog [*****.]
Gold:   441        SH:  0    Dex: 12    Spells: 9/9 levels left

rFire    . . .     SeeInvis .   v - +6 shortbow of War {velocity, *Corrode rC+ rN++ MR+}
rCold    + . .     Gourm    .   (shield currently unavailable)
rNeg     + + .     Faith    .   h - +0 ring mail
rPois    .         Spirit   .   k - +0 helmet
rElec    .         Reflect  .   (no cloak)
rCorr    .         Harm     .   (no gloves)
MR       +....                  (no barding)
Stlth    ..........             (no amulet)
HPRegen  0.24/turn              (no ring)
MPRegen  0.12/turn              (no ring)

@: very quick
A: large, hooves 3, deformed body, speed 2, tough skin 3
a: Berserk, Trog's Hand, Brothers in Arms, Renounce Religion


You were on level 9 of the Dungeon.
You worshipped Trog.
Trog was extremely pleased with you.
You were very hungry.

You visited 2 branches of the dungeon, and saw 10 of its levels.
You also visited: Sewer.

You collected 441 gold pieces.

Inventory:

Hand Weapons
 a - a +1 falchion
 v - the +6 shortbow of War (weapon) {velocity, *Corrode rC+ rN++ MR+}
   (You took it off an orc on level 4 of the Dungeon)

   Any arrow fired from it inflicts extra damage.
   It protects you from cold.
   It greatly protects you from negative energy.
   It affects your resistance to hostile enchantments.
   It may corrode you when you take damage.
 K - a +2 falchion of flaming
 L - a +2 vampiric great sword
 M - a +3 great sword of holy wrath
Missiles
 g - 148 arrows (quivered)
 r - 82 bolts
Armour
 h - a +0 ring mail (worn)
 k - a +0 helmet (worn)
 D - a +0 leather armour
 E - a -1 leather armour
Jewellery
 J - an uncursed ring of resist corrosion {unknown}
Wands
 B - a wand of polymorph (31)
 I - a wand of random effects (20)
Scrolls
 d - 7 scrolls of enchant weapon
 e - 6 scrolls of identify
 f - a scroll of fog {unknown}
 i - 3 scrolls of blinking {unknown}
 j - 3 scrolls of amnesia {unknown}
 l - 3 scrolls of immolation {unknown}
 m - 4 scrolls of remove curse
 o - 3 scrolls of enchant armour {unknown}
 s - a scroll of magic mapping {unknown}
 x - a scroll of noise {unknown}
 y - 2 scrolls of teleportation {unknown}
 z - 2 scrolls of fear {unknown}
 F - a scroll of random uselessness {unknown}
 H - a scroll of summoning {unknown}
Potions
 b - a potion of magic {unknown}
 n - 7 potions of curing
 p - 4 potions of heal wounds
 q - 3 potions of flight {unknown}
 t - 2 potions of degeneration {unknown}
 u - 3 potions of ambrosia {unknown}
 w - 2 potions of mutation {unknown}
 A - 2 potions of lignification {unknown}
 C - a potion of brilliance {unknown}
 G - a potion of berserk rage {unknown}
Comestibles
 c - 23 rations


   Skills:
 + Level 7.2 Fighting
 + Level 4.7 Long Blades
 * Level 14.7 Bows
 + Level 4.1 Armour
 + Level 2.6 Dodging


You had 9 spell levels left.
You didn't know any spells.
Your spell library was empty.

Dungeon Overview and Level Annotations

Branches:
Dungeon (9/15)             Temple (0/1) D:5             Orc (1/2) D:9
   Lair: D:8-11

Altars:
Ashenzari
Gozag
Kikubaaqudgha
Nemelex Xobeh
Qazlal
Wu Jian
Xom

Shops:
D:9 *


Innate Abilities, Weirdness & Mutations

You have hooves in place of feet.
Armour fits poorly on your strangely shaped body.
You cover ground very quickly.
You have extremely tough skin. (AC +3)


Message History

You hear the slow rumble of a distant avalanche of rocks.
The orc knight shouts!
The orc knight hits you with a battleaxe!!
The orc warrior barely misses you.
The orc warrior hits you with a scimitar!
The gnoll sergeant hits you with a trident.
An orc comes into view. It is wielding a hand axe.
There is a staircase back to the Dungeon, spattered with blood here.
The gnoll sergeant hits you with a trident.
The orc warrior closely misses you.
The orc knight hits you with a battleaxe!!
* * * LOW HITPOINT WARNING * * *
The orc warrior hits you with a great sword!
* * * LOW HITPOINT WARNING * * *
You climb upwards.
Welcome back to the Dungeon!
There is a staircase to the Orcish Mines here.
You are feeling very hungry.
The gnoll sergeant hits you but does no damage.
The orc warrior hits you with a scimitar!
You die...

.)..##.....#
#.#........#
...........#
##...#.....##
##.#..###...#
##.##.......#
##.##..###.##
...##..##..# ####
...##..##.## #g@#
...##..##.#####o##
...##.###.....oo#
...#...#....#####
............#
.....#......#
...###..#...#
....##..#...#
.#......#####


You could see an orc knight, 2 orc warriors and a gnoll sergeant.

Vanquished Creatures
  A hydra (D:9)
  An orc knight (D:9)
  A hippogriff (D:9)
  2 dream sheep (D:9)
  2 yaks (D:9)
  A water moccasin (D:9)
  2 orc warriors
  2 sky beasts
  2 ogres
  A phantom (D:6)
  A centaur (D:8)
  4 big kobolds
  4 bullfrogs
  A wyvern zombie (D:7)
  A wyvern skeleton (D:9)
  6 killer bees (D:8)
  6 wights
  3 howler monkeys (D:9)
  3 crimson imps
  3 hounds
  2 quasits
  2 jellies (D:6)
  3 orc priests
  A gnoll shaman (D:7)
  A bullfrog skeleton (D:5)
  2 centaur skeletons
  3 iguanas (D:6)
  7 orc wizards
  5 worker ants
  A hound zombie (D:9)
  A hound skeleton (D:4)
  A worker ant zombie (D:6)
  4 gnolls (D:7)
  17 adders
  2 river rats (Sewer)
  2 shadow imps
  3 oozes
  An adder zombie (D:5)
  An adder skeleton (D:6)
  2 worms (D:2)
  3 dart slugs
  8 leopard geckos
  35 orcs
  8 giant cockroaches
  7 goblins
  7 hobgoblins
  12 jackals
  A quokka (D:6)
  3 bats
  6 frilled lizards
  9 kobolds
  A quokka skeleton (D:4)
  8 rats
216 creatures vanquished.

Notes
Turn   | Place    | Note
-------+----------+-------------------------------------------
     0 | D:1      | boarsaur the Centaur Berserker began the quest for the Orb.
     0 | D:1      | Reached XP level 1. HP: 19/19 MP: 1/1
     6 | D:1      | Noticed a soldier ant
     6 | D:1      | Noticed a basilisk
     7 | D:1      | Noticed a yaktaur
     7 | D:1      | Noticed a hell rat
   127 | D:1      | Reached XP level 2. HP: 20/26 MP: 2/2
   587 | D:2      | Reached XP level 3. HP: 11/31 MP: 3/3
   588 | D:2      | Reached ** piety under Trog
   597 | D:2      | HP: 2/46 [poisoned by an adder]
   753 | D:2      | Found a shimmering altar of Xom.
   761 | D:2      | Found a shimmering altar of Xom.
   761 | D:2      | Found a shimmering altar of Xom.
  1299 | D:2      | Reached XP level 4. HP: 36/40 MP: 4/4
  1757 | D:3      | Found a glowing drain.
  1806 | Sewer    | Entered a sewer
  1822 | Sewer    | Reached XP level 5. HP: 10/46 MP: 5/5
  2220 | Sewer    | Found a white marble altar of Elyvilon.
  2516 | D:3      | Reached *** piety under Trog
  2539 | D:3      | Reached XP level 6. HP: 53/53 MP: 6/6
  2939 | D:4      | Got an ichor-stained shortbow
  2940 | D:4      | Identified the +6 shortbow of War {velocity, *Corrode rC+
                  | rN++ MR+} (You took it off an orc on level 4 of the
                  | Dungeon)
  3248 | D:4      | Reached skill level 1 in Bows
  3256 | D:4      | Reached skill level 2 in Bows
  3363 | D:4      | Reached skill level 3 in Bows
  3363 | D:4      | Reached XP level 7. HP: 60/60 MP: 7/7
  3578 | D:4      | Found a sparkling altar of Nemelex Xobeh.
  3655 | D:5      | Entered Level 5 of the Dungeon
  3737 | D:5      | Reached skill level 4 in Bows
  3742 | D:5      | Reached **** piety under Trog
  3829 | D:5      | Reached skill level 5 in Bows
  3875 | D:5      | Received a gift from Trog
  3907 | D:5      | Found a staircase to the Ecumenical Temple.
  4222 | D:6      | Reached skill level 6 in Bows
  4334 | D:6      | Reached skill level 7 in Bows
  4372 | D:6      | Reached XP level 8. HP: 49/67 MP: 8/8
  4480 | D:6      | Reached skill level 5 in Fighting
  4480 | D:6      | Reached skill level 8 in Bows
  4521 | D:6      | Found an ornate altar of the Wu Jian Council.
  5133 | D:7      | Reached skill level 9 in Bows
  5774 | D:8      | Reached skill level 10 in Bows
  5782 | D:8      | Reached ***** piety under Trog
  5830 | D:8      | Found an ancient bone altar of Kikubaaqudgha.
  5831 | D:8      | Found a stormy altar of Qazlal.
  5932 | D:8      | Reached XP level 9. HP: 35/75 MP: 9/9
  6198 | D:8      | Reached skill level 11 in Bows
  6219 | D:8      | Received a gift from Trog
  6801 | D:9      | Reached skill level 12 in Bows
  6903 | D:9      | Received a gift from Trog
  6972 | D:9      | Found a shattered altar of Ashenzari.
  7044 | D:9      | Reached skill level 13 in Bows
  7086 | D:9      | Reached XP level 10. HP: 84/84 MP: 10/10
  7122 | D:9      | Noticed a three-headed hydra
  7153 | D:9      | Killed a three-headed hydra
  7153 | D:9      | Reached skill level 14 in Bows
  7242 | D:9      | Found an opulent altar of Gozag.
  7244 | D:9      | Found Gozag's Platinum Reserve.
  7385 | D:9      | Found a staircase to the Orcish Mines.
  7568 | Orc:1    | Entered Level 1 of the Orcish Mines
  7568 | Orc:1    | Noticed an orc knight
  7568 | Orc:1    | Noticed an enchanted great sword
  7570 | Orc:1    | Noticed an orc knight
  7572 | Orc:1    | Noticed an orc knight
  7573 | Orc:1    | Noticed an orc knight
  7617 | D:9      | Killed an orc knight
  7659 | D:9      | Slain by an orc warrior

Vault maps used:
D:1:      onia_arrival_zoo_common
D:2:      xom_redecorated
D:3:      gup_sewer_entry_pipe
D:4:      nemelex_xobeh_ov_fountains_minmay, first_ration
D:5:      temple_doors_e
D:6:      old_standard_altar
D:7:      grunt_decor_mini_mirrors
D:8:      gammafunk_temple_overflow_statue
D:9:      nicolae_overflow_crystal_walls, orc_0_dummy, hangedman_ranch,
          nicolae_gozag_zags_fifth_avenue
Orc:1:    ebering_ghost_xom, enter_volcano_2, sword_in_stone
Sewer:    sewer_kobolds

Skill      XL: |  1  2  3  4  5  6  7  8  9 10 |
---------------+-------------------------------+-----
Long Blades    | 3 4 |  4.7
Fighting       | 4 5 6 7 |  7.2
Dodging        | 2 |  2.6
Armour         | 2 3 4 |  4.1
Bows           | 3 7 10 13 14 | 14.7

Action                   |  1- 3 |  4- 6 |  7- 9 | 10-12 || total
-------------------------+-------+-------+-------+-------++-------
Melee: Falchion          |    82 |   169 |       |       ||   251
       Kick              |    17 |    34 |       |       ||    51
 Fire: Shortbow          |       |    38 |   358 |    46 ||   442
Invok: Berserk           |     2 |     2 |       |       ||     4
       Trog's Hand       |     1 |       |       |       ||     1
       Brothers in Arms  |       |       |       |     1 ||     1
  Use: Potion            |     2 |       |       |       ||     2
       Scroll            |       |       |     4 |       ||     4
  Eat: Chunk             |     2 |     4 |     9 |     1 ||    16
       Ration            |       |     1 |       |       ||     1
Armor: Animal skin       |    14 |       |       |       ||    14
       Ring mail         |     5 |    69 |    39 |     4 ||   117
       Leather armour    |       |       |     6 |       ||     6
Dodge: Dodged            |    30 |    82 |    46 |     3 ||   161
       Rpst.: Falchion   |     9 |    12 |       |       ||    21

Table legend:
 A = Non-vault XP
 B = Vault XP
 C = Vault XP percentage of total XP
 D = Non-vault monster count
 E = Vault monster count
 F = Vault count percentage of total count
                 A         B        C        D         E       F
            +---------+---------+-------+---------+---------+-------
      Total |    4706 |    2929 |  38.4 |     191 |      25 |  11.6
            +---------+---------+-------+---------+---------+-------
        D:1 |      26 |       0 |   0.0 |      16 |       0 |   0.0
        D:2 |     117 |       0 |   0.0 |      22 |       0 |   0.0
        D:3 |     102 |      16 |  13.6 |      24 |       6 |  20.0
        D:4 |     362 |       0 |   0.0 |      24 |       0 |   0.0
        D:5 |     267 |       0 |   0.0 |      19 |       0 |   0.0
        D:6 |     821 |       0 |   0.0 |      26 |       0 |   0.0
        D:7 |     384 |       0 |   0.0 |      13 |       0 |   0.0
        D:8 |    1511 |       0 |   0.0 |      30 |       0 |   0.0
        D:9 |    1116 |    2776 |  71.3 |      17 |       9 |  34.6
      Sewer |       0 |     137 | 100.0 |       0 |      10 | 100.0
            +---------+---------+-------+---------+---------+-------
